 Dungeon Crawl Stone Soup version 0.31-a0-1546-gde11055 (webtiles) character file.

Game seed: 7835105452192342315

1879689 blake the Slayer (level 27, 196/203 (215) HPs)
             Began as a Hill Orc Monk on Dec 30, 2023.
             Was the Champion of Hepliaklqana.
             Escaped with the Orb
             ... and 3 runes on Jan 1, 2024!
             The game lasted 06:53:32 (55150 turns).

blake the Slayer (Hill Orc Monk)                   Turns: 55150, Time: 06:53:32

HP:   196/203 (215) AC: 41    Str: 22    XL:     27
MP:   27/27         EV: 13    Int: 19    God:    Hepliaklqana [******]
Gold: 5436          SH: 29    Dex: 17    Spells: 34/36 levels left

rFire   + + +        a - +9 demon blade of Action {flame, rF+ Will+ Str-2 Int+9}
rCold   + + .        z - +6 tower shield
rNeg    . . .        E - +1 gold dragon scales
rPois   +            r - +2 helmet
rElec   .            L - +4 dragonskin cloak
rCorr   .            O - +1 pair of gloves
SInv    +            o - +2 pair of boots {Stlth+}
Will    +++..        Q - amulet of regeneration Stlth
                     g - ring of see invisible
HPRegen 1.33/turn    l - ring "Bioxt" {rF+ rC+}
MPRegen 0.20/turn

%: no passive effects
@: drained
A: reduced essence, hooves 1, fire resistance 1, frail 1, low MP 1, screaming 1,
wild magic 1, evolution 1, no potion heal 1, persistent drain
0: Orb of Zot
}: 3/15 runes: barnacled, silver, gossamer
a: Renounce Religion, Recall Ancestor, Ancestor Identity, Transference, Idealise


You escaped.
You worshipped Hepliaklqana.
Hepliaklqana was exalted by your worship.
You visited 10 branches of the dungeon, and saw 49 of its levels.
You visited 1 bazaar.

You collected 7138 gold pieces.
You spent 1702 gold pieces at shops.

Inventory:

Hand Weapons
 a - the +9 demon blade of Action (weapon) {flame, rF+ Will+ Str-2 Int+9}
   (You took it off a vault warden on level 2 of the Vaults)

   Str-2:     It affects your strength (-2).
   Int+9:     It affects your intelligence (+9).
   rF+:       It protects you from fire.
   Will+:     It increases your willpower.
 b - a +3 demon trident of draining
Missiles
 V - 18 poisoned darts (quivered)
Armour
 o - a +2 pair of boots of stealth (worn)
 r - a +2 helmet (worn)
 z - a +6 tower shield (worn)
 E - +1 gold dragon scales (worn)
 L - the +4 dragonskin cloak (worn)
   (You took it off Tiamat on level 4 of the Depths)

   Avatar's Aegis: It grants the wearer a chance to resist fire, cold, poison,
   electricity, acid, and negative energy.
 O - a +1 pair of gloves (worn)
Jewellery
 d - the ring "Xidd" {rC+ Str+3 Dex+6}
   (You acquired it on level 3 of the Shoals)

   [ring of dexterity]

   Str+3:     It affects your strength (+3).
   Dex+6:     It affects your dexterity (+6).
   rC+:       It protects you from cold.
 g - a ring of see invisible (left hand)
 l - the ring "Bioxt" (right hand) {rF+ rC+}
   (You found it on level 3 of the Spider Nest)

   [ring of protection from cold]

   rF+:       It protects you from fire.
   rC+:       It protects you from cold.
 n - a ring of flight
 C - a ring of resist corrosion
 K - an amulet of reflection
 Q - an amulet of regeneration (around neck)
 Y - a ring of magical power
Wands
 A - a wand of quicksilver (14)
 H - a wand of paralysis (36)
 U - a wand of digging (9)
Scrolls
 h - 7 scrolls of teleportation
 i - 7 scrolls of vulnerability
 j - 11 scrolls of amnesia
 m - 14 scrolls of identify
 s - 3 scrolls of noise
 u - a scroll of silence
 x - 2 scrolls of poison
 y - 3 scrolls of brand weapon
 B - 2 scrolls of fear
 J - 5 scrolls of immolation
 M - 4 scrolls of revelation
 N - a scroll of blinking
 R - 2 scrolls of enchant weapon
 Z - a scroll of fog
Potions
 c - 11 potions of ambrosia
 f - 11 potions of brilliance
 k - 5 potions of enlightenment
 q - 5 potions of cancellation
 v - 6 potions of magic
 w - 6 potions of attraction
 D - a potion of berserk rage
 F - 10 potions of lignification
 I - 6 potions of haste
 S - 8 potions of might
 T - 3 potions of invisibility
 W - 6 potions of curing
Miscellaneous
 G - a sack of spiders
 X - a phantom mirror (inert)


   Skills:
 + Level 26.2 Fighting
 - Level 14.0 Long Blades
 - Level 14.5(19.5) Axes
 - Level 14.1(16.0) Maces & Flails
 - Level 11.7(14.0) Polearms
 + Level 21.7 Armour
 + Level 18.7 Dodging
 - Level 2.8 Stealth
 + Level 22.3 Shields
 - Level 5.1 Spellcasting
 - Level 4.0 Translocations
 - Level 8.5 Fire Magic
 - Level 5.0 Invocations


You had 34 spell levels left.
You knew the following spells:

 Your Spells              Type           Power      Damage    Failure   Level
a - Blink                 Tloc           52%        N/A       73%         2

Your spell library contained the following spells:

 Spells                   Type           Power      Damage    Failure   Level
 Apportation              Tloc           52%        N/A       61%         1
 Volatile Blastmotes      Fire/Tloc      74%        2d16      65%         3
 Lesser Beckoning         Tloc           52%        N/A       73%         2
 Inner Flame              Hex/Fire       27%        N/A       89%         3
 Gell's Gravitas          Tloc           26%        N/A       91%         3
 Teleport Other           Tloc           26%        N/A       91%         3
 Momentum Strike          Conj/Tloc      32%        3d8       94%         2
 Freeze                   Ice            24%        1d4       98%         1
 Magic Dart               Conj           24%        1d4       98%         1
 Necrotise                Necr           24%        1d5       98%         1
 Sandblast                Erth           12%        2d6       98%         1
 Shock                    Conj/Air       24%        1d4       98%         1
 Slow                     Hex            24%        N/A       98%         1
 Sting                    Conj/Alch      24%        1d4       98%         1
 Summon Small Mammal      Summ           24%        N/A       98%         1
 Call Imp                 Summ           12%        N/A       99%         2
 Cigotuvi's Dreadful Rot  Necr/Alch/Air  12%        N/A       99%         2
 Ensorcelled Hibernation  Hex/Ice        12%        N/A       99%         2
 Mercury Vapours          Alch/Air       12%        N/A       99%         2
 Sticky Flame             Fire/Alch      27%        2d7       99%         4
 Summon Blazeheart Golem  Fire/Summ      27%        N/A       99%         4
 Call Canine Familiar     Summ           6%         N/A       100%        3
 Confusing Touch          Hex            6%         N/A       100%        3
 Dazzling Flash           Conj/Hex       12%        N/A       100%        3
 Frozen Ramparts          Ice            12%        1d2       100%        3
 Fugue of the Fallen      Necr           6%         N/A       100%        3
 Hailstorm                Conj/Ice       6%         3d5       100%        3
 Passwall                 Erth           6%         N/A       100%        3
 Sigil of Binding         Hex            6%         N/A       100%        3
 Stone Arrow              Conj/Erth      12%        3d7       100%        3
 Swiftness                Air            6%         N/A       100%        3
 Vampiric Draining        Necr           6%         2d6       100%        3
 Airstrike                Air            3%         2d(1-17)  100%        4
 Anguish                  Hex/Necr       3%         N/A       100%        4
 Animate Armour           Summ/Erth      12%        N/A       100%        4
 Animate Dead             Necr           6%         N/A       100%        4
 Brom's Barrelling Bould  Conj/Erth      6%         2d3       100%        4
 Cause Fear               Hex            3%         N/A       100%        4
 Dispel Undead            Necr           6%         3d8       100%        4
 Fulminant Prism          Conj/Alch      3%         3d5       100%        4
 Iskenderun's Mystic Bla  Conj/Tloc      16%        2d5       100%        4
 Leda's Liquefaction      Alch/Erth      3%         N/A       100%        4
 Manifold Assault         Tloc           26%        N/A       100%        4
 Martyr's Knell           Necr/Summ      6%         N/A       100%        4
 Olgreb's Toxic Radiance  Alch           6%         N/A       100%        4
 Summon Lightning Spire   Summ/Air       6%         N/A       100%        4
 Vhi's Electric Charge    Tloc/Air       32%        N/A       100%        4
 Arcjolt                  Conj/Air       3%         1d13      100%        5
 Borgnjor's Vile Clutch   Necr/Erth      3%         N/A       100%        5
 Fireball                 Conj/Fire      13%        3d7       100%        5
 Freezing Cloud           Conj/Ice/Air   3%         6-21      100%        5
 Irradiate                Conj/Alch      3%         3d12      100%        5
 Iskenderun's Battlesphe  Conj           6%         2d6       100%        5
 Lee's Rapid Deconstruct  Erth           3%         3d5*      100%        5
 Summon Forest            Summ/Tloc      8%         N/A       100%        5
 Bombard                  Conj/Erth      3%         9d1       100%        6
 Death Channel            Necr           3%         N/A       100%        6
 Dispersal                Tloc           13%        N/A       100%        6
 Eringya's Noxious Bog    Alch           3%         4d6       100%        6
 Plasma Beam              Fire/Air       13%        2x1d24    100%        6
 Starburst                Conj/Fire      13%        6d6       100%        6
 Haunt                    Necr/Summ      3%         N/A       100%        7
 Malign Gateway           Summ/Tloc      8%         N/A       100%        7
 Orb of Destruction       Conj           3%         9d5       100%        7
 Ozocubu's Refrigeration  Ice            3%         4d8       100%        7
 Spellforged Servitor     Conj/Summ      3%         N/A       100%        7
 Summon Hydra             Summ           3%         N/A       100%        7
 Borgnjor's Revivificati  Necr           3%         N/A       100%        8
 Disjunction              Tloc           13%        N/A       100%        8
 Ignition                 Fire           24%        3d8       100%        8
 Infestation              Necr           3%         N/A       100%        8
 Maxwell's Capacitive Co  Air            3%         ∞         100%        8
 Summon Horrible Things   Summ           3%         N/A       100%        8
 Death's Door             Necr           3%         N/A       100%        9
 Dragon's Call            Summ           3%         N/A       100%        9


Dungeon Overview and Level Annotations

Branches:
Dungeon (15/15)            Temple (1/1) D:5            Lair (5/5) D:11
 Shoals (4/4) Lair:2       Spider (4/4) Lair:3        Slime (4/5) Lair:4
    Orc (2/2) D:10            Elf (0/3) Orc:2        Vaults (5/5) D:14
  Crypt (0/3) Vaults:3     Depths (4/4) D:15            Zot (5/5) Depths:4

Altars:
Ashenzari
Cheibriados
Dithmenos
Elyvilon
Fedhas
Gozag
Hepliaklqana
Kikubaaqudgha
Makhleb
Nemelex Xobeh
Okawaru
Qazlal
Ru
Sif Muna
Trog
Uskayaw
Vehumet
Wu Jian
Xom
Yredelemnul
Zin
The Shining One
Beogh

Shops:
D:9 *   D:15 [?   Orc:2 =!*[   Vaults:3 ?

Portals:
Hell: Depths:1 Depths:2 Depths:3 Depths:4
Abyss: Depths:3
Pandemonium: Depths:2 Depths:4
Ziggurat: Depths:1
Trove: D:10 (show slimy rune of Zot)

Annotations:
Slime:4 Dissolution


Innate Abilities, Weirdness & Mutations

Your life essence is reduced to manifest your ancestor. (-10% HP)
You have large cloven feet.
Your flesh is heat resistant. (rF+)
You are frail. (-10% HP)
Your magical capacity is low. (-10% MP)
You occasionally shout uncontrollably at your foes.
Your spells are a little harder to cast, but a little more powerful.
You have hidden genetic potential.
Potions are less effective at restoring your health.
Your health recovers twice as slowly from being drained.


Message History

There is a stone staircase leading down here.
There is a stone staircase leading up here.
You climb upwards.
There is a stone staircase leading down here.
Cipactli is recalled.
What level of the Dungeon? (default 1, ? - help) You're already here!
An Orb Guardian comes into view.
You hit the Orb Guardian. You burn the Orb Guardian.
The Orb Guardian is lightly wounded.
You block the Orb Guardian's attack.
You slash the Orb Guardian! You burn the Orb Guardian.
The Orb Guardian is lightly wounded.
You block the Orb Guardian's attack.
You hit the Orb Guardian but do no damage.
The Orb Guardian is lightly wounded.
Cipactli closely misses the Orb Guardian.
You miss the Orb Guardian.
The Orb Guardian is lightly wounded.
The Orb Guardian hits you but does no damage.
You closely miss the Orb Guardian.
The Orb Guardian is lightly wounded.
You block the Orb Guardian's attack.
Cipactli hits the Orb Guardian with a +0 lajatang of freezing!!
Cipactli freezes the Orb Guardian.
You hit the Orb Guardian. You burn the Orb Guardian.
The Orb Guardian is heavily wounded.
The Orb Guardian hits you!
Cipactli gestures wildly while chanting.
Cipactli seems to speed up.
You slash the Orb Guardian! You burn the Orb Guardian.
The Orb Guardian is severely wounded.
You block the Orb Guardian's attack.
You hit the Orb Guardian. You burn the Orb Guardian.
The Orb Guardian is almost dead.
Cipactli hits the Orb Guardian with a +0 lajatang of freezing!!
Cipactli freezes the Orb Guardian.
The Orb Guardian dies!
There is a staircase leading out of the dungeon here.
You have escaped!

...#......##...#............#####
...###.......[.#.#....##.#..#...#
####......#......#....##.#..#...#
# #........#.#..#....##.#..#...#
# #.....#..#............#..#...#
# #.....#..#...##.#######..#....
####.#####..#...............#....
##......##......R...........†....
........###.##..@................
.................#######.........
..####.####.#....##...##.........
..#########.#....#.###.'..#.###..
..##........###..#.#≈#.#..#.# #..
[.##..#....## #..#.§##.#..#.# ###
...........# #..##...##....#
.###.###...# #..###'###....#
......#....# #.............#


You could see the friendly Cipactli the battlemage (fast).

Vanquished Creatures
  2 dread liches
  3 orbs of fire (Zot:5)
  Frederick (Depths:4)
  An ancient lich (Zot:2)
  Tiamat (Depths:4)
  Mara (Vaults:3)
  A juggernaut (Depths:2)
  2 Killer Klowns
  A caustic shrike (Depths:3)
  5 golden dragons
  Nikola (Depths:2)
  Norris (Vaults:2)
  2 electric golems
  A Tzitzimitl (Depths:1)
  A walking crystal tome (Depths:3)
  8 tentacled monstrosities
  A Hell Sentinel (Zot:2)
  An Ice Fiend (Depths:2)
  Rupert (Orc:2)
  4 liches
  11 Orb Guardians
  8 sphinxes
  2 titans (Vaults:5)
  5 quicksilver dragons
  A kraken (Shoals:3)
  An acid blob (Slime:2)
  3 death cobs
  8 storm dragons
  3 shadow dragons
  6 tengu reavers
  Donald (Vaults:4)
  8 draconian monks
  A rockslime (Slime:3)
  Aizul (Depths:2)
  4 fire giants
  An emperor scorpion (Spider:2)
  A protean progenitor (Zot:2)
  An iron dragon (Depths:3)
  12 vault wardens
  3 draconian knights
  2 draconian shifters
  3 balrugs
  A draconian scorcher (Zot:5)
  2 ghost moths
  4 draconian annihilators
  8 frost giants
  16 ironbound preservers
  An orc warlord (Vaults:2)
  A reaper (Depths:2)
  8 stone giants
  A quicksilver ooze (Slime:2)
  A spriggan defender (Depths:3)
  3 formless jellyfish
  4 broodmothers
  An ironbound thunderhulk (Vaults:1)
  12 very ugly things
  10 black draconians
  7 green draconians
  11 red draconians
  A deep elf death mage (Vaults:5)
  A deep elf annihilator (Vaults:5)
  2 dire elephants
  A yellow draconian (Zot:4)
  15 white draconians
  6 purple draconians
  11 spark wasps
  7 ettins
  2 merfolk javelineers
  4 crystal guardians
  7 fire dragons
  Snorg (Lair:4)
  12 yaktaur captains
  4 merfolk impalers
  Josephine (D:15)
  A deep elf high priest (Vaults:5)
  5 entropy weavers
  4 great orbs of eyes
  5 rakshasas
  8 ice dragons
  19 vault guards
  A jorogumo (Spider:3)
  The ghost of oops the Carver, a journeyman DsGl of Qazlal (D:10)
  A hell beast (Depths:3)
  11 centaur warriors
  2 peacekeepers
  A radroach (Spider:1)
  3 spriggan air magi
  7 ogre magi
  2 hydras
  2 alligator snapping turtles (Shoals:4)
  2 ironbound frosthearts
  A catoblepas (Lair:2)
  6 boulder beetles
  A death scarab (Spider:3)
  3 merfolk aquamancers
  2 death yaks
  A satyr (Shoals:3)
  19 two-headed ogres
  A vampire mage (Depths:2)
  3 demonic crawlers
  3 tengu warriors
  6 deep troll earth magi
  4 spriggan berserkers
  3 dancing weapons
  2 spriggans (Depths:3)
  9 sun demons
  3 soul eaters
  A sixfirhy (Zot:2)
  A skyshark (shapeshifter) (Vaults:5)
  5 skysharks
  4 iron trolls (Depths:3)
  4 pharaoh ants
  A salamander mystic (Depths:4)
  10 sea snakes
  A spark wasp zombie (Depths:3)
  43 deep trolls
  10 skeletal warriors
  A glowing orange brain (shapeshifter) (Vaults:5)
  2 death drakes
  2 orb spiders
  2 glowing orange brains
  A swamp dragon (Lair:5)
  A shadow demon (Zot:4)
  4 orc knights
  A sun moth (Spider:4)
  5 flayed ghosts
  An obsidian statue (Zot:5)
  2 steelbarb worms (Spider:4)
  13 ironbound convokers
  7 arcanists
  5 lindwurms
  An orange crystal statue (Depths:1)
  6 phantasmal warriors (Vaults:5)
  A deep elf pyromancer (D:15)
  16 harpies
  5 fauns
  2 cyclopes
  17 ugly things
  A shining eye (Slime:1)
  A faun (shapeshifter) (Vaults:5)
  10 wolf spiders
  A fire giant skeleton (Depths:3)
  3 merfolk sirens
  3 salamanders
  15 moths of wrath
  8 manticores
  2 smoke demons (Depths:1)
  17 elephants
  19 vault sentinels
  6 meliai
  3 black mambas
  A rust devil (Zot:2)
  7 cane toads
  2 ice statues
  A hellion (Zot:5)
  A gargoyle (D:11)
  5 torpor snails
  9 komodo dragons
  18 yaktaurs
  2 rime drakes (Lair:5)
  Jeremiah (D:7)
  2 freezing wraiths
  An efreet (Zot:5)
  2 ice devils
  A kobold demonologist (D:11)
  A tengu conjurer (Depths:1)
  A red devil (Depths:1)
  13 merfolk
  A troll (shapeshifter) (D:13)
  4 wind drakes
  7 trolls
  2 hornets (Depths:3)
  14 tarantellas
  2 dream sheep
  A glass eye (Depths:3)
  6 blink frogs
  A snapping turtle (Shoals:1)
  17 slime creatures
  18 jumping spiders
  A vampire (D:13)
  16 culicivoras
  29 yaks
  9 water elementals
  2 wyverns
  7 wraiths
  A warg (Orc:1)
  A golden eye (shapeshifter) (D:13)
  5 vampire mosquitoes
  2 steam dragons (Lair:5)
  3 basilisks
  26 redbacks
  A chaos spawn (D:15)
  A glowing shapeshifter zombie (Depths:3)
  An acid dragon (D:11)
  9 water moccasins
  3 hell hounds (Depths:1)
  14 orc warriors
  A sky beast (D:8)
  3 black bears
  4 boggarts
  9 centaurs
  9 wolves
  27 ogres
  An ogre (shapeshifter) (D:13)
  2 phantoms
  A kobold brigand (D:7)
  4 bullfrogs
  2 scorpions
  3 wights (D:7)
  8 killer bees
  An electric eel (Spider:2)
  A howler monkey (D:9)
  2 bombardier beetles
  2 hounds
  14 orc priests
  5 jellies
  A sleepcap (D:8)
  10 iguanas
  Natasha (thrice) (D:3)
  14 orc wizards
  A gnoll (D:5)
  7 adders
  3 white imps (D:6)
  2 dart slugs
  6 ribbon worms
  67 orcs
  6 bats
  7 endoplasms
  4 giant cockroaches
  A goblin (D:3)
  10 hobgoblins
  2 jackals (D:3)
  15 kobolds
  3 quokkas
  10 ball pythons
  5 frilled lizards
  7 rats
  3 tentacles (Shoals:3)
1255 creatures vanquished.

Vanquished Creatures (collateral kills)
  2 dread liches (Zot:5)
  3 ancient liches (Zot:5)
  2 orbs of fire (Zot:5)
  A juggernaut (Depths:3)
  Sojobo (Vaults:2)
  2 Killer Klowns (Zot:5)
  2 curse toes
  2 caustic shrikes (Depths:3)
  4 golden dragons
  An iron giant (Depths:3)
  Jorgrun (D:15)
  An electric golem (Zot:5)
  17 Orb Guardians
  A walking earthen tome (Depths:3)
  10 tentacled monstrosities
  2 liches
  3 acid blobs (Slime:2)
  3 quicksilver dragons
  3 titans
  6 death cobs
  3 tengu reavers
  The ghost of Ipnyshoba the Impaler, an adept DsFi of Gozag (Spider:3)
  4 shadow dragons
  8 storm dragons
  Ilsuiw (Shoals:3)
  2 azure jellies
  A protean progenitor (Zot:4)
  2 frost giants
  8 draconian monks
  A draconian shifter (Zot:1)
  6 fire giants
  A pandemonium lord (D:7)
  4 draconian knights
  4 draconian scorchers
  3 ghost moths
  Louise (D:15)
  4 vault wardens
  An emperor scorpion (Spider:1)
  7 ironbound preservers
  A draconian stormcaller (Zot:4)
  4 stone giants
  2 draconian annihilators (Depths:4)
  A quicksilver ooze (Slime:2)
  6 spriggan defenders
  2 formless jellyfish (Slime:2)
  A broodmother (Spider:4)
  3 very ugly things
  2 ironbound thunderhulks
  8 green draconians
  5 black draconians
  2 lorocyprocas
  4 white draconians
  4 purple draconians
  10 dire elephants
  5 red draconians
  A war gargoyle (Vaults:5)
  3 deep elf annihilators
  3 yellow draconians
  4 spark wasps
  3 merfolk javelineers (Shoals:4)
  9 fire dragons
  A blizzard demon (Depths:4)
  4 entropy weavers
  4 crystal guardians
  4 merfolk impalers (Shoals:4)
  2 ettins
  6 yaktaur captains
  11 vault guards
  The ghost of Jeiliat the Fighter, a journeyman DsCA of Ignis (Lair:2)
  4 rakshasas
  2 centaur warriors
  8 ice dragons
  3 great orbs of eyes
  A spriggan air mage (Depths:4)
  An alligator snapping turtle (Shoals:4)
  2 hydras
  2 ironbound frosthearts
  A satyr (Shoals:4)
  A merfolk avatar (Shoals:2)
  A jorogumo (Spider:2)
  2 dancing weapons (Zot:2)
  2 ogre magi
  2 deep troll shamans
  4 boulder beetles
  A spriggan berserker (Depths:3)
  3 tengu warriors
  3 demonic crawlers
  2 occultists
  6 deep troll earth magi
  A two-headed ogre (D:15)
  3 sun demons
  2 death yaks (Lair:5)
  The ghost of blase the Zephyrmancer, a novice TeAE of Vehumet (D:7)
  A spriggan (Depths:4)
  2 soul eaters
  2 sixfirhies
  2 glowing orange brains
  4 pharaoh ants
  23 deep trolls
  4 iron trolls
  3 sea snakes
  5 orb spiders
  A sun moth (Spider:4)
  A death drake (Zot:2)
  A shadow demon (Zot:2)
  3 arcanists
  4 ironbound convokers
  2 phantasmal warriors (Vaults:5)
  4 steelbarb worms
  A glowing orange brain (shapeshifter) (Vaults:5)
  7 harpies
  A lindwurm (Vaults:2)
  A deep elf pyromancer (D:15)
  An orc knight (D:10)
  2 necromancers
  2 orc sorcerers (Orc:2)
  4 manticores
  12 ugly things
  A faun (Shoals:2)
  9 wolf spiders
  5 cyclopes
  2 salamanders (Depths:4)
  4 moths of wrath
  Maurice (D:7)
  8 elephants
  A kobold blastminer (Orc:1)
  4 merfolk sirens
  A meliai (Spider:4)
  3 black mambas
  A smoke demon (Depths:1)
  A torpor snail (Lair:5)
  5 vault sentinels
  5 cane toads
  2 water nymphs
  4 komodo dragons
  3 rime drakes (Lair:5)
  A hellion (Depths:3)
  A freezing wraith (D:15)
  A tormentor (Depths:2)
  An efreet (D:13)
  10 yaktaurs
  A tengu conjurer (Depths:4)
  A polar bear (Lair:5)
  4 trolls
  A troll (shapeshifter) (Depths:4)
  12 tarantellas
  2 hornets
  4 wind drakes
  5 blink frogs
  4 dream sheep
  11 merfolk
  3 snapping turtles
  9 jumping spiders
  5 water elementals
  13 slime creatures
  7 culicivoras
  5 shadows
  A centaur simulacrum (D:14)
  17 yaks
  A steam dragon (Lair:5)
  A warg (Orc:1)
  A golden eye (shapeshifter) (D:14)
  3 basilisks
  32 redbacks
  2 vampire mosquitoes
  2 water moccasins (Lair:1)
  An acid dragon (D:9)
  2 swamp drakes (Lair:5)
  A hell hound (Depths:1)
  3 orc warriors
  8 ogres
  2 small abominations (D:7)
  2 boggarts (D:15)
  A sky beast (D:6)
  8 centaurs
  2 wolves
  A brain worm (shapeshifter) (D:14)
  3 bullfrogs
  A scorpion (D:6)
  4 wights (D:7)
  3 killer bees
  An electric eel (Lair:2)
  2 howler monkeys (D:10)
  A lava snake (Lair:2)
  A gnoll bouda (D:5)
  2 jellies (Lair:4)
  3 hounds
  An orc priest (D:10)
  6 iguanas
  9 orc wizards
  4 gnolls (D:5)
  A shadow imp (D:5)
  19 orcs
  2 kobolds (D:11)
  An aspiring flesh (Zot:2)
  A tentacle (Shoals:3)
713 creatures vanquished.

Vanquished Creatures (others)
  A draconian knight (Zot:4)
  A radroach (Spider:4)
  A tarantella (Spider:2)
  79 battlemagi
  A butterfly (Lair:5)
  10 tentacles (Shoals:3)
93 creatures vanquished.

Grand Total: 2061 creatures vanquished

Notes
Turn   | Place    | Note
-------+----------+-------------------------------------------
     0 | D:1      | blake the Hill Orc Monk began the quest for the Orb.
     0 | D:1      | Reached XP level 1. HP: 19/19 MP: 1/1
   116 | D:1      | Found a faded altar of an unknown god.
   146 | D:1      | Reached XP level 2. HP: 17/27 MP: 2/2
   338 | D:1      | Reached skill level 4 in Fighting
   839 | D:2      | Reached XP level 3. HP: 21/33 MP: 3/3
  1314 | D:2      | Reached XP level 4. HP: 38/41 MP: 4/4
  1418 | D:2      | Reached skill level 5 in Axes
  1774 | D:3      | Found a sacrificial altar of Ru.
  1836 | D:3      | Reached XP level 5. HP: 17/47 MP: 5/5
  1975 | D:3      | Reached skill level 5 in Fighting
  2011 | D:3      | Noticed a phantom
  2028 | D:3      | Killed a phantom
  2047 | D:3      | Noticed Natasha
  2067 | D:3      | Killed Natasha
  2068 | D:3      | Reached XP level 6. HP: 35/56 MP: 6/6
  2332 | D:3      | Noticed Natasha
  2344 | D:3      | Killed Natasha
  2482 | D:3      | Found a shimmering blue altar of Sif Muna.
  2581 | D:3      | Noticed Natasha
  2593 | D:3      | Killed Natasha
  2763 | D:4      | Reached skill level 6 in Fighting
  2968 | D:4      | Reached XP level 7. HP: 53/63 MP: 7/7
  3016 | D:4      | Identified the +3 ring mail of the Accordion {Str+3 Int+2
                  | SInv}
  3427 | D:5      | Entered Level 5 of the Dungeon
  3688 | D:5      | Reached skill level 7 in Fighting
  3722 | D:6      | Reached XP level 8. HP: 56/73 MP: 8/8
  3854 | D:5      | Reached skill level 5 in Dodging
  3937 | D:5      | Found a staircase to the Ecumenical Temple.
  3943 | Temple   | Entered the Ecumenical Temple
  3961 | Temple   | Became a worshipper of Hepliaklqana the Forgotten
  3961 | Temple   | Reached * piety under Hepliaklqana
  3961 | Temple   | Reached ** piety under Hepliaklqana
  3962 | Temple   | Remembered your ancestor Cipactli as a battlemage
  4308 | D:5      | Found an ancient bone altar of Kikubaaqudgha.
  4670 | D:6      | Reached skill level 8 in Fighting
  4761 | D:6      | Found an iron altar of Okawaru.
  5074 | D:6      | Reached skill level 1 in Armour
  5150 | D:6      | Reached XP level 9. HP: 73/73 MP: 9/9
  5339 | D:6      | Reached *** piety under Hepliaklqana
  5504 | D:7      | Noticed Jeremiah
  5525 | D:7      | Found a runed translucent gate.
  5525 | D:7      | Found a runed translucent gate.
  5525 | D:7      | Found a runed translucent gate.
  5531 | D:7      | Killed Jeremiah
  5532 | D:7      | Reached skill level 9 in Fighting
  5673 | D:7      | Noticed blase's ghost (novice TeAE)
  5784 | D:7      | Identified the +1 robe of the Armoured One {rElec}
  5789 | D:7      | Noticed an ice statue
  5932 | D:7      | Noticed Maurice
  5940 | D:7      | Something stole 4 atropa-tipped darts
  5943 | D:7      | Killed Maurice
  6056 | D:7      | Reached skill level 10 in Fighting
  6066 | D:7      | Reached skill level 5 in Armour
  6275 | D:7      | Reached XP level 10. HP: 83/83 MP: 10/10
  6426 | D:7      | Killed blase's ghost
  6538 | D:8      | Reached skill level 10 in Axes
  6631 | D:8      | Reached skill level 11 in Fighting
  6691 | D:8      | Found a radiant altar of Vehumet.
  7392 | D:9      | Reached **** piety under Hepliaklqana
  7453 | D:9      | Found Cerchul's Assorted Antiques.
  7623 | D:9      | Paralysed by a hornet for 1 turns
  7624 | D:9      | Reached XP level 11. HP: 71/91 MP: 7/11
  7945 | D:10     | Entered Level 10 of the Dungeon
  8025 | D:10     | Found a staircase to the Orcish Mines.
  8032 | D:10     | Found a roughly hewn altar of Beogh.
  8116 | D:10     | Found a transporter.
  8124 | D:10     | Reached skill level 12 in Fighting
  8328 | D:10     | Found a burning altar of Makhleb.
  8332 | D:10     | Found a bloodstained altar of Trog.
  8341 | D:10     | Found a stormy altar of Qazlal.
  8350 | D:10     | Found a white marble altar of Elyvilon.
  8350 | D:10     | Found a glowing silver altar of Zin.
  8350 | D:10     | Found a glowing golden altar of the Shining One.
  8351 | D:10     | Found an opulent altar of Gozag.
  8353 | D:10     | Found a hide-covered altar of Uskayaw.
  8355 | D:10     | Found a shimmering altar of Xom.
  8384 | D:10     | Found a transporter.
  8392 | D:10     | Noticed oops's ghost (journeyman DsGl)
  8403 | D:10     | Noticed an orc knight
  8440 | D:10     | Reached ***** piety under Hepliaklqana
  8671 | D:10     | Found a portal to a secret trove of treasure.
  8740 | D:11     | Noticed a two-headed ogre
  8742 | D:11     | Noticed a boulder beetle
  8743 | D:11     | Killed a two-headed ogre
  8752 | D:11     | Killed a boulder beetle
  8848 | D:11     | Noticed a skeletal warrior
  8855 | D:11     | Noticed a skeletal warrior
  8855 | D:11     | Noticed a skeletal warrior
  8856 | D:11     | Noticed a skeletal warrior
  8893 | D:10     | Killed a skeletal warrior
  9125 | D:11     | Noticed a skeletal warrior
  9149 | D:11     | Killed a skeletal warrior
  9149 | D:11     | Killed a skeletal warrior
  9431 | D:11     | Found a staircase to the Lair.
  9641 | D:11     | Noticed a boulder beetle
  9694 | D:11     | Killed a boulder beetle
  9695 | D:11     | Reached XP level 12. HP: 77/101 MP: 9/12
  9965 | D:12     | Reached skill level 13 in Fighting
 10542 | Lair:1   | Entered Level 1 of the Lair of Beasts
 10725 | Lair:1   | Reached skill level 10 in Armour
 11107 | Lair:1   | Reached skill level 10 in Dodging
 11141 | Lair:1   | Reached skill level 14 in Fighting
 11147 | Lair:1   | Reached XP level 13. HP: 88/111 MP: 10/13
 11574 | Lair:2   | Found a runed translucent gate.
 11575 | Lair:2   | Found a runed translucent gate.
 11575 | Lair:2   | Found a runed translucent gate.
 11575 | Lair:2   | Noticed Jeiliat's ghost (journeyman DsCA)
 11661 | Lair:2   | Found a staircase to the Shoals.
 12288 | Lair:3   | Found a hole to the Spider Nest.
 12310 | Lair:3   | Reached ****** piety under Hepliaklqana
 13001 | Lair:4   | Reached skill level 15 in Fighting
 13020 | Lair:4   | Noticed Snorg
 13040 | Lair:4   | Killed Snorg
 13262 | Lair:4   | Reached XP level 14. HP: 103/122 MP: 12/14
 13401 | Lair:4   | Found a staircase to the Slime Pits.
 13633 | Lair:4   | Found a radiant altar of Vehumet.
 13856 | Lair:5   | Entered Level 5 of the Lair of Beasts
 13886 | Lair:5   | Reached skill level 1 in Shields
 13926 | Lair:5   | Reached skill level 16 in Fighting
 14984 | Lair:5   | Identified the +2 ring mail of the Quiescent God {Regen+}
 15084 | Lair:5   | Learned a level 2 spell: Blink
 15518 | Lair:5   | Identified the +0 leather armour of Unreason {rC- Int+3
                  | Dex+4 Slay+3}
 15893 | Orc:1    | Entered Level 1 of the Orcish Mines
 15901 | Orc:1    | Reached skill level 1 in Translocations
 16159 | Orc:2    | Entered Level 2 of the Orcish Mines
 16161 | Orc:2    | Noticed Rupert
 16165 | Orc:2    | Paralysed by Rupert for 4 turns
 16180 | Orc:2    | Killed Rupert
 16318 | Orc:1    | Reached skill level 5 in Shields
 16483 | Orc:2    | Found a gate leading to a gauntlet.
 16484 | Orc:2    | Paralysed by an orc sorcerer for 4 turns
 16489 | Orc:2    | Reached XP level 15. HP: 131/131 MP: 15/15
 16770 | Orc:1    | Reached skill level 17 in Fighting
 16925 | Orc:2    | Found Ledumaa's Assorted Antiques.
 16925 | Orc:2    | Found Quarchou's Armour Emporium.
 16927 | Orc:2    | Found Megoros's Jewellery Shoppe.
 16927 | Orc:2    | Found Ofrour's Distillery.
 16939 | Orc:2    | Bought a pair of embroidered gloves for 232 gold pieces
 16951 | Orc:2    | Bought a potion of attraction for 45 gold pieces
 16982 | Orc:2    | Found a staircase to the Elven Halls.
 18666 | D:14     | Found a gate to the Vaults.
 19091 | D:15     | Entered Level 15 of the Dungeon
 19094 | D:15     | Noticed Josephine
 19094 | D:15     | Noticed Louise
 19107 | D:15     | Killed Louise
 19112 | D:15     | Killed Josephine
 19205 | D:15     | Found a gateway to a bazaar.
 19275 | D:15     | Reached skill level 1 in Maces & Flails
 19614 | D:15     | Found Olydah's Magic Scroll Boutique.
 19650 | D:14     | Reached XP level 16. HP: 130/139 MP: 16/16
 19698 | D:15     | Bought a scroll of identify for 38 gold pieces
 19698 | D:15     | Bought a scroll of identify for 38 gold pieces
 19698 | D:15     | Bought a scroll of identify for 38 gold pieces
 19797 | D:15     | Found Quitred's Armour Boutique.
 19834 | D:15     | Reached skill level 5 in Maces & Flails
 19962 | D:15     | Found a staircase to the Depths.
 20109 | D:15     | Noticed Jorgrun
 20116 | D:15     | Killed Jorgrun
 20430 | Spider:1 | Entered Level 1 of the Spider Nest
 20924 | Spider:1 | Reached skill level 10 in Shields
 21906 | Spider:1 | Upgraded the game from 0.31-a0-1522-g43313d8 to
                  | 0.31-a0-1529-g7bd419a
 22551 | Spider:3 | Reached XP level 17. HP: 126/145 MP: 17/17
 22621 | Spider:3 | Reached skill level 10 in Maces & Flails
 22689 | Spider:3 | Got the Elucidation of Combustive Amathomancy
 23661 | Spider:3 | Found a runed translucent door.
 23662 | Spider:3 | Found a shimmering altar of Xom.
 23662 | Spider:3 | Noticed Ipnyshoba's ghost (adept DsFi)
 23723 | Spider:3 | Identified the ring "Bioxt" {rF+ rC+}
 23739 | Spider:3 | Killed Ipnyshoba's ghost
 24170 | Spider:4 | Entered Level 4 of the Spider Nest
 24474 | Spider:4 | Identified the +0 robe of the Wilderness {Regen+ Dex-3
                  | SInv}
 24519 | Spider:4 | Identified the +7 short sword of Riqaipe {drain, *Noise
                  | rPois rF+ Int+7}
 25317 | Spider:4 | Identified the +2 pair of boots of the Rose {Int+3}
 25333 | Spider:4 | Got a gossamer rune of Zot
 25562 | Shoals:1 | Entered Level 1 of the Shoals
 25697 | Shoals:1 | Reached skill level 1 in Invocations
 25923 | Shoals:1 | Reached XP level 18. HP: 79/153 MP: 18/20
 26825 | Shoals:2 | Reached skill level 1 in Fire Magic
 26879 | Shoals:2 | Reached skill level 15 in Shields
 27545 | Shoals:3 | Noticed Ilsuiw
 28122 | Shoals:4 | Entered Level 4 of the Shoals
 28219 | Shoals:3 | Identified a scroll of acquirement
 28220 | Shoals:3 | Acquired the ring "Xidd" {rC+ Str+3 Dex+6}
 28473 | Depths:1 | Entered Level 1 of the Depths
 28638 | Depths:1 | Reached skill level 5 in Invocations
 28737 | Depths:1 | Found a one-way gateway to a ziggurat.
 28745 | Depths:1 | Upgraded the game from 0.31-a0-1529-g7bd419a to
                  | 0.31-a0-1537-g69dc257
 28896 | Depths:1 | Reached skill level 18 in Fighting
 29022 | Depths:1 | Found a gateway to Hell.
 29026 | Depths:1 | Found a runed translucent door.
 29172 | Depths:1 | Reached skill level 1 in Spellcasting
 29498 | Vaults:1 | Entered Level 1 of the Vaults
 29632 | Vaults:1 | Reached XP level 19. HP: 154/161 MP: 22/22
 29725 | Vaults:1 | Reached skill level 5 in Fire Magic
 30354 | Vaults:1 | Reached skill level 15 in Armour
 31097 | Vaults:2 | Noticed Norris
 31264 | Vaults:2 | Noticed Sojobo
 31278 | Vaults:1 | Upgraded the game from 0.31-a0-1537-g69dc257 to
                  | 0.31-a0-1539-g569d6c7
 32461 | Shoals:3 | Killed Ilsuiw
 33012 | Shoals:4 | Reached skill level 1 in Polearms
 33259 | Shoals:4 | Got a barnacled rune of Zot
 33981 | Vaults:2 | Paralysed by an air elemental for 1 turns
 33982 | Vaults:2 | Killed Sojobo
 33983 | Vaults:2 | Reached skill level 5 in Polearms
 34081 | Vaults:2 | Reached XP level 20. HP: 155/170 MP: 25/25
 34368 | Vaults:2 | Killed Norris
 34539 | Vaults:2 | Identified the +9 demon blade of Action {flame, rF+ Will+
                  | Str-2 Int+9}
 34645 | Vaults:1 | Reached skill level 10 in Polearms
 34774 | Vaults:2 | Noticed a golden dragon
 34793 | Vaults:2 | Killed a golden dragon
 35376 | Vaults:3 | Found Vidd's Magic Scroll Emporium.
 35382 | Vaults:3 | Bought a scroll of enchant armour for 90 gold pieces
 35382 | Vaults:3 | Bought a scroll of teleportation for 36 gold pieces
 35382 | Vaults:3 | Bought a scroll of teleportation for 36 gold pieces
 35404 | Vaults:3 | Identified the +9 mace of the Pharaoh's Fist {pain, rElec
                  | rC+ rN+ Will+}
 35492 | Vaults:3 | Reached skill level 19 in Fighting
 35531 | Vaults:3 | Reached skill level 1 in Long Blades
 35630 | Vaults:3 | Noticed Mara
 35639 | Vaults:3 | Killed Mara
 36191 | Vaults:3 | Reached XP level 21. HP: 105/178 MP: 27/27
 36445 | Vaults:3 | Found a staircase to the Crypt.
 36470 | Vaults:3 | Reached skill level 5 in Long Blades
 36881 | Vaults:3 | Identified the +6 scale mail of the Other Side {Rampage}
 37339 | Vaults:4 | Noticed Donald
 37348 | Vaults:4 | Killed Donald
 38175 | Vaults:4 | Reached skill level 20 in Fighting
 38301 | Vaults:5 | Entered Level 5 of the Vaults
 38303 | Vaults:5 | Noticed a golden dragon
 38418 | Vaults:5 | Reached skill level 10 in Long Blades
 38852 | Vaults:5 | Reached XP level 22. HP: 149/182 MP: 28/28
 39103 | Vaults:5 | Reached skill level 21 in Fighting
 39276 | Vaults:5 | Noticed a dread lich
 39283 | Vaults:5 | Killed a dread lich
 39344 | Vaults:5 | Identified the +1 plate armour of Qabyptes {+Inv Fly rN++
                  | Str-2}
 39465 | Vaults:5 | Killed a golden dragon
 39581 | Vaults:5 | Identified the ring "Githor" {rC+ Str+3}
 39601 | Vaults:5 | Got a silver rune of Zot
 40380 | Vaults:5 | Identified the +0 spear "Xuqipt" {holy, *Slow Fly rPois
                  | rN+++}
 41145 | D:10     | Killed oops's ghost
 41351 | Bazaar   | Entered a bazaar
 41353 | Bazaar   | Found Cuumat's Weapon Boutique.
 41357 | Bazaar   | Found Lailaox's Weapon Boutique.
 41357 | Bazaar   | Found Xobodgh's Weapon Boutique.
 41358 | Bazaar   | Found Oframevi's Armour Boutique.
 41386 | Bazaar   | Bought a +2 cloak of stealth for 344 gold pieces
 41569 | Lair:2   | Killed Jeiliat's ghost
 41573 | Lair:2   | Reached skill level 1 in Stealth
 41582 | Lair:2   | Reached XP level 23. HP: 199/199 MP: 29/29
 41652 | Slime:1  | Entered Level 1 of the Pits of Slime
 41663 | Slime:1  | Gained mutation: You occasionally lose the ability to read
                  | scrolls when taking damage. [a shining eye]
 41824 | Slime:4  | Noticed Dissolution
 42363 | Depths:2 | Noticed Nikola
 42376 | Depths:2 | Killed Nikola
 42377 | Depths:2 | Reached skill level 22 in Fighting
 42377 | Depths:2 | Reached XP level 24. HP: 183/207 MP: 29/29
 42458 | Depths:2 | Found a one-way gate leading to the halls of Pandemonium.
 42504 | Depths:2 | Identified the serpent talisman of the Red Skies {rElec rF-
                  | Will- Dex+10}
 42504 | Depths:2 | Noticed Aizul
 42521 | Depths:2 | Killed Aizul
 43279 | Depths:2 | Noticed a juggernaut
 43289 | Depths:2 | Killed a juggernaut
 43360 | Depths:2 | Got Aczamm's Annotations on Accelerants and the Panacea
 43367 | Depths:2 | Got the Collected Works on Collective Intoxication
 43967 | Depths:4 | Entered Level 4 of the Depths
 43967 | Depths:4 | Identified the orb of Geymol {light, rCorr Int+3 Dex-2
                  | Slay+6}
 43967 | Depths:4 | Noticed Frederick
 44067 | Depths:3 | Lost mutation: You occasionally lose the ability to read
                  | scrolls when taking damage. [potion of mutation]
 44067 | Depths:3 | Gained mutation: You are partially covered in iridescent
                  | scales. (AC +2) [potion of mutation]
 44067 | Depths:3 | Gained mutation: You have hidden genetic potential. [potion
                  | of mutation]
 44068 | Depths:3 | Lost mutation: You have hidden genetic potential. [potion
                  | of mutation]
 44068 | Depths:3 | Lost mutation: You are partially covered in iridescent
                  | scales. (AC +2) [potion of mutation]
 44068 | Depths:3 | Gained mutation: You have a pair of small antennae on your
                  | head. [potion of mutation]
 44068 | Depths:3 | Gained mutation: Your mind is acute. (Int +4, Str/Dex -1)
                  | [potion of mutation]
 44069 | Depths:3 | Lost mutation: Your mind is acute. (Int +4, Str/Dex -1)
                  | [potion of mutation]
 44069 | Depths:3 | Lost mutation: You have a pair of small antennae on your
                  | head. [potion of mutation]
 44069 | Depths:3 | Gained mutation: You occasionally lose the ability to read
                  | scrolls when taking damage. [potion of mutation]
 44069 | Depths:3 | Gained mutation: Your flesh is heat resistant. (rF+)
                  | [potion of mutation]
 44124 | Depths:4 | Noticed a caustic shrike
 44124 | Depths:4 | Noticed a caustic shrike
 44125 | Depths:4 | Noticed a caustic shrike
 44148 | Depths:3 | Killed a caustic shrike
 44213 | Depths:3 | Killed a caustic shrike
 44214 | Depths:3 | Reached skill level 15 in Dodging
 44514 | Depths:3 | Killed a caustic shrike
 44552 | Depths:3 | Found a one-way gate to the infinite horrors of the Abyss.
 45577 | Orc:2    | Bought a potion of mutation for 120 gold pieces
 45577 | Orc:2    | Bought a potion of curing for 45 gold pieces
 45577 | Orc:2    | Bought a potion of curing for 45 gold pieces
 45577 | Orc:2    | Bought a potion of cancellation for 120 gold pieces
 45577 | Orc:2    | Bought a potion of haste for 150 gold pieces
 45579 | Orc:2    | Bought a scroll of enchant armour for 232 gold pieces
 45579 | Orc:2    | Bought a potion of curing for 93 gold pieces
 46312 | Depths:4 | Reached skill level 23 in Fighting
 46314 | Depths:4 | Lost mutation: You occasionally lose the ability to read
                  | scrolls when taking damage. [potion of mutation]
 46314 | Depths:4 | Lost mutation: Your flesh is heat resistant. (rF+) [potion
                  | of mutation]
 46314 | Depths:4 | Gained mutation: Your muscles are strong. (Str +4, Int/Dex
                  | -1) [potion of mutation]
 46314 | Depths:4 | Gained mutation: You occasionally lose the ability to read
                  | scrolls when taking damage. [potion of mutation]
 46314 | Depths:4 | Gained mutation: You expend magic power (3 MP) to
                  | strengthen your wands. [potion of mutation]
 46519 | Depths:4 | Reached XP level 25. HP: 214/218 MP: 25/29
 46571 | Depths:4 | Noticed a juggernaut
 46582 | Depths:3 | Killed a juggernaut
 46784 | Depths:1 | Found the crystal ball of Wucad Mu {*channel}
 46798 | Depths:1 | Identified the +3 battleaxe "Zuczam" {holy, Dex+5 Stlth+}
 46992 | Depths:4 | Killed Frederick
 47695 | Depths:4 | Found a gate to the Realm of Zot.
 48210 | Zot:1    | Entered Level 1 of the Realm of Zot
 48210 | Zot:1    | Found the +4 dragonskin cloak
 48210 | Zot:1    | Noticed Tiamat
 48312 | Depths:4 | Killed Tiamat
 49171 | Zot:1    | Reached skill level 5 in Spellcasting
 49219 | Zot:1    | Identified the +5 orcbow of the Final Decision {freeze,
                  | Str-4 Int+4 Dex+4}
 49326 | Zot:1    | Reached skill level 24 in Fighting
 49937 | Zot:2    | Reached XP level 26. HP: 157/228 MP: 30/30
 50383 | Zot:2    | Noticed an ancient lich
 50546 | Zot:2    | Killed an ancient lich
 50638 | Zot:2    | Found a stormy altar of Qazlal.
 50694 | Zot:2    | Got Ditufoe's Catalogue of the Snow-white Door
 51740 | Zot:4    | Noticed a Killer Klown
 51749 | Zot:4    | Killed a Killer Klown
 52206 | Zot:4    | Reached skill level 25 in Fighting
 52572 | Zot:4    | Lost mutation: You expend magic power (3 MP) to strengthen
                  | your wands. [potion of mutation]
 52572 | Zot:4    | Lost mutation: You occasionally lose the ability to read
                  | scrolls when taking damage. [potion of mutation]
 52572 | Zot:4    | Lost mutation: Your muscles are strong. (Str +4, Int/Dex
                  | -1) [potion of mutation]
 52572 | Zot:4    | Gained mutation: You have hidden genetic potential. [potion
                  | of mutation]
 52572 | Zot:4    | Gained mutation: Your spells are a little harder to cast,
                  | but a little more powerful. [potion of mutation]
 52572 | Zot:4    | Gained mutation: You are partially covered in iridescent
                  | scales. (AC +2) [potion of mutation]
 52781 | Zot:5    | Entered Level 5 of the Realm of Zot
 53287 | Zot:5    | Upgraded the game from 0.31-a0-1539-g569d6c7 to
                  | 0.31-a0-1546-gde11055
 53306 | Zot:5    | Reached XP level 27. HP: 239/239 MP: 30/30
 53344 | Zot:5    | Noticed a dread lich
 53354 | Zot:5    | Noticed an orb of fire
 53361 | Zot:5    | Killed a dread lich
 53374 | Zot:5    | Killed an orb of fire
 53427 | Zot:5    | Identified the +7 great sword "Ponudgh" {flame, *Slow rCorr
                  | MP+9 Int+2}
 53453 | Zot:5    | Noticed an orb of fire
 53461 | Zot:5    | Gained mutation: Your flesh is heat resistant. (rF+) [an
                  | orb of fire]
 53475 | Zot:5    | Gained mutation: You are frail. (-10% HP) [an orb of fire]
 53483 | Zot:5    | Noticed a dread lich
 53484 | Zot:5    | Gained mutation: Your health recovers twice as slowly from
                  | being drained. [an orb of fire]
 53486 | Zot:5    | Killed an orb of fire
 53506 | Zot:5    | Killed a dread lich
 53534 | Zot:5    | Noticed an ancient lich
 53543 | Zot:5    | Killed an ancient lich
 53584 | Zot:5    | Noticed a dread lich
 53589 | Zot:5    | Killed a dread lich
 53595 | Zot:5    | Noticed an orb of fire
 53603 | Zot:5    | Lost mutation: You are partially covered in iridescent
                  | scales. (AC +2) [an orb of fire]
 53603 | Zot:5    | Gained mutation: Potions are less effective at restoring
                  | your health. [an orb of fire]
 53620 | Zot:5    | Gained mutation: Your magical capacity is low. (-10% MP)
                  | [an orb of fire]
 53621 | Zot:5    | Killed an orb of fire
 53904 | Zot:5    | Noticed an ancient lich
 53915 | Zot:5    | Noticed an orb of fire
 53928 | Zot:5    | Gained mutation: You occasionally shout uncontrollably at
                  | your foes. [an orb of fire]
 53932 | Zot:5    | Killed an ancient lich
 53935 | Zot:5    | Noticed an orb of fire
 53935 | Zot:5    | Killed an orb of fire
 53944 | Zot:5    | Killed an orb of fire
 54033 | Zot:5    | Noticed an ancient lich
 54043 | Zot:5    | Killed an ancient lich
 54067 | Zot:5    | Reached skill level 26 in Fighting
 54286 | Zot:5    | Got the Orb of Zot
 54347 | Zot:5    | Noticed Untuhool the pandemonium lord
 54461 | Zot:2    | Noticed Meoruaf the pandemonium lord
 54826 | Depths:1 | Gained mutation: You have large cloven feet. [hidden
                  | potential]
 55056 | D:7      | Noticed Urghoqiux the pandemonium lord
 55065 | D:7      | Killed Urghoqiux the pandemonium lord
 55104 | D:3      | Noticed Peafufoh the pandemonium lord
 55150 | D:$      | Escaped with the Orb!

Illustrated notes

Levels and vault maps discovered:
D:1:      minmay_arrival_stone_box, layout_basic,
          shapermc_ecumenical_altar_venn, kennysheep_pointless_box,
          serial_park_tiny_1, minmay_pentomino_o2
D:2:      layout_loops_ring, minmay_split_cup_small
D:3:      layout_basic, overflow_temple_1_default, mainiacjoe_overflow_paths,
          minmay_three_crescents, uniq_natasha
D:4:      layout_gridville
D:5:      layout_basic, mainiacjoe_overflow_catwalk,
          minmay_temple_entry_overgrown
D:6:      layout_loops_corners, okawaru_gym_becter
D:7:      lemuel_ice_statue, layout_basic, ebering_ghost_rock_garden,
          uniq_jeremiah, uniq_maurice
D:8:      layout_loops_corners, fiery_altar_vehumet, nrook_mini_backslash,
          lightli_orcish_oven
D:9:      layout_rooms, serial_shops, nicolae_shop_advertising_works
          [nicolae_subvault_shop_adworks], uniq_maggie
D:10:     layout_cave_pools, minitemple, david_orc_5, trove_entry_hex_spiral,
          nzn_ghost_randoct
D:11:     layout_cave_pools, david_lair_generic
D:12:     layout_basic, st_stairs_4
D:13:     layout_loops_cross, kennysheep_generic_room_11
D:14:     layout_cave_pools, hellmonk_vaults_attempted_burglary,
          dk_noncrumbling_4
D:15:     hellmonk_depths_entry_around_the_bend, layout_long_grid, serial_shops,
          statue_bzr, shop, shop, uniq_louise, uniq_jorgrun, uniq_josephine
Temple:   hellmonk_temple_forest_ring
Lair:1:   layout_big_grid, infiniplex_staircase_pool_2
Lair:2:   layout_gridlike, elwin_shoals_entry_rocks, gammafunk_ghost_split,
          lemuel_fruit_tree
Lair:3:   layout_chaotic_city, spider_nest_entry_webs
Lair:4:   layout_roguey, nicolae_slime_entry_field_trip, basic_altar,
          nicolae_lair_grazing_beasts [nicolae_sub_lair_graze_edge,
          nicolae_sub_lair_graze_edge, nicolae_sub_lair_graze_edge,
          nicolae_sub_lair_graze_edge], infiniplex_staircase_pool, uniq_snorg
Lair:5:   guppyfry_lair_end_dragon, layout_layer_cave, hangedman_lair_in_review,
          lemuel_fruit_fields
Shoals:1: layout_shoals
Shoals:2: layout_shoals, nicolae_shoals_water_elemental_grotto
Shoals:3: layout_shoals, uniq_ilsuiw
Shoals:4: shoals_end_grunt_ice, layout_shoals
Spider:1: layout_spider_delve
Spider:2: layout_spider_delve
Spider:3: layout_spider_delve, ebering_ghost_xom,
          nicolae_spider_not_touching_you
Spider:4: hellmonk_spider_rune_endless_swarm
Slime:1:  layout_caves
Slime:2:  cheibrodos_slime_lost_civilization_8, layout_caves
Slime:3:  layout_caves
Slime:4:  layout_caves, uniq_dissolution
Orc:1:    layout_caves
Orc:2:    st_orc_ogre_mass, layout_caves, gauntlet_entry_generic, uniq_rupert
Vaults:1: nicolae_vaults_storage_closets_1, ontoclasm_vaults_ring_small,
          hangedman_vaults_slice, nicolae_vaults_apartment_1,
          nicolae_vaults_oval_intersection,
          nicolae_vaults_offset_grid_hallway_3, ontoclasm_vaults_bender,
          nicolae_vaults_trapezoid_lopsided_3, ontoclasm_vaults_fault,
          vaults_room_guarded_vault, vaults_dpeg_ring,
          layout_vaults_chaotic_city
Vaults:2: nicolae_vaults_specimen_jars, nicolae_vaults_shrinking_rooms_2,
          v_alt_pattern_6, nicolae_vaults_doubleplus_tesselated,
          vaults_room_ringed_pool, vaults_dpeg_emergency_exit,
          grunt_vaults_hallway_short, nicolae_vaults_security_offices_3,
          hangedman_vaults_trim, nicolae_vaults_double_plus_1,
          nicolae_vaults_storage_closets_3, vaults_room_pools, v_misc_3,
          layout_vaults_omnibox, uniq_sojobo, uniq_norris
Vaults:3: st_spiral_rooms, nicolae_vaults_layer_cake_slice, v_misc_30,
          nicolae_vaults_lightning_bolt, vaults_room_corners,
          nicolae_vaults_tangram_2, hangedman_vaults_unwind,
          hangedman_vaults_impose, v_alt_pattern_3, v_misc_16,
          nicolae_vaults_trapezoid_2, nicolae_vaults_offset_grid_hallway_2,
          hangedman_vaults_nails, layout_vaults_omnicross, dummy_crypt_entry,
          serial_shops, nicolae_square_shop, uniq_mara
Vaults:4: v_misc_28, nicolae_vaults_little_ls, nicolae_vaults_closet_pinwheel_2,
          nicolae_vaults_more_shelving_1, nicolae_vaults_shipping_containers_4,
          nicolae_vaults_alarming, nicolae_vaults_sightless_eye,
          nicolae_vaults_little_squares_4, layout_vaults_quadrants, uniq_donald
Vaults:5: serial_shops
Depths:1: layout_cave_shapes, enter_ziggurat_d, hellmouth_3, glass_columns_c,
          fountainhead, minmay_crystal_box, firewood_loft
Depths:2: minmay_the_grid_square_5x5_3x3 [minmay_the_grid_square_5x5_comb,
          minmay_the_grid_square_5x5_corner,
          minmay_the_grid_square_5x5_six_small,
          minmay_the_grid_square_5x5_n_small,
          minmay_the_grid_square_5x5_megaprize_diamond,
          minmay_the_grid_square_5x5_shrine2, minmay_the_grid_square_5x5_empty,
          minmay_the_grid_square_5x5_empty,
          minmay_the_grid_square_5x5_spiral_small], layout_gridlike, hell_entry,
          grunt_pan_entry_zigzag, minmay_staircase_windowed_small,
          uniq_josephina, uniq_nikola, uniq_aizul
Depths:3: minmay_roctagon, layout_basic, serial_corexii_hall,
          chequers_hall_statues_corner_a, chequers_hall_statues_wall_a,
          hangedman_tar_grid_catacomb, abyss_entry, infiniplex_staircase_river
Depths:4: lemuel_castle_with_subvaults [lemuel_castle_interior_original],
          layout_cave_shapes, hellmouth_1, rand_demon_pan_entry_8,
          hangedman_decor_riveting, serial_bayou_shore_b, uniq_frederick
Zot:1:    layout_gridlike, uniq_tiamat
Zot:2:    regret_index_qazlal_generations, layout_misc_corridors,
          bh_zot_ikea_curve
Zot:3:    layout_misc_corridors
Zot:4:    layout_twisted_circle, st_large_dragon_hoard_1
Zot:5:    layout_basic

Skill      XL: |  1  2  3  4  5  6  7  8  9 10 11 12 13 14 15 16 17 18 19 20 21 22 23 24 25 26 27 |
---------------+----------------------------------------------------------------------------------+-----
Fighting       | 4 5 6 7 8 10 11 12 14 15 16 17 18 19 20 21 22 23 24 25 26 | 26.2
Dodging        | 3 4 5 7 8 9 10 11 12 13 15 17 18 | 18.7
Axes           | 5 6 7 9 10 12 13 14 | 14.5
Armour         | 1 5 7 9 10 12 13 14 15 16 18 19 20 21 | 21.7
Shields        | 5 8 12 14 16 17 19 20 21 22 | 22.3
Translocations | 2 4 |  4.0
Maces & Flails | 3 9 13 14 | 14.1
Invocations    | 2 5 |  5.0
Fire Magic     | 4 7 8 |  8.5
Spellcasting   | 1 3 4 5 |  5.1
Polearms       | 5 11 | 11.7
Long Blades    | 4 11 14 | 14.0
Stealth        | 2 |  2.8

Action                     |  1- 3 |  4- 6 |  7- 9 | 10-12 | 13-15 | 16-18 | 19-21 | 22-24 | 25-27 || total
---------------------------+-------+-------+-------+-------+-------+-------+-------+-------+-------++-------
  Melee: Hand axe          |   100 |   176 |   321 |       |       |       |       |       |       ||   597
         War axe           |       |       |    12 |   401 |   733 |    45 |       |       |       ||  1191
         Unarmed           |       |       |     6 |       |       |       |       |       |       ||     6
         Eveningstar       |       |       |       |       |    90 |  1362 |   590 |       |       ||  2042
         Demon trident     |       |       |       |       |       |       |   216 |     1 |     3 ||   220
         Demon whip        |       |       |       |       |       |       |   653 |    79 |       ||   732
         Demon blade       |       |       |       |       |       |       |       |   976 |  1532 ||  2508
  Throw: Dart              |       |     5 |       |    21 |    56 |    66 |    41 |     4 |     4 ||   197
         Throwing net      |       |       |       |     1 |       |       |       |       |       ||     1
 Invoke: Ancestor Life: Ba |       |       |     1 |       |       |       |       |       |       ||     1
         Recall Ancestor   |       |       |       |     2 |     1 |     1 |     7 |     4 |    11 ||    26
         Idealise          |       |       |       |       |       |     5 |     3 |     3 |     5 ||    16
         Transference      |       |       |       |       |       |       |       |     1 |     1 ||     2
  Evoke: Wand              |       |       |       |     5 |     2 |     2 |     4 |     2 |     2 ||    17
         Phantom mirror    |       |       |       |       |     2 |       |     1 |       |     2 ||     5
         Sack of spiders   |       |       |       |       |       |       |     1 |     1 |       ||     2
    Use: Scroll            |       |       |       |    17 |     5 |    25 |    18 |     9 |     7 ||    81
         Potion            |       |       |       |     3 |     5 |     8 |     7 |    11 |    12 ||    46
   Stab: Distracted        |       |       |       |    10 |    21 |    27 |    26 |    20 |    35 ||   139
         Fleeing           |       |       |       |     1 |       |       |       |       |       ||     1
 Armour: Robe              |    42 |       |       |       |       |       |       |       |       ||    42
         Ring mail         |     4 |   114 |   204 |   247 |   513 |    64 |       |       |       ||  1146
         Skin              |       |       |     7 |       |       |       |       |       |       ||     7
         Swamp dragon scal |       |       |       |       |       |   833 |   363 |       |       ||  1196
         Scale mail        |       |       |       |       |       |       |   113 |     3 |       ||   116
         Gold dragon scale |       |       |       |       |       |       |       |   439 |   874 ||  1313
  Dodge: Dodged            |    61 |   122 |   213 |   293 |   781 |   910 |   419 |   158 |   281 ||  3238
         Repelled          |       |       |       |       |       |     4 |    11 |     4 |       ||    19
  Block: Buckler           |       |       |       |       |   101 |       |       |       |       ||   101
         Tower shield      |       |       |       |       |   138 |  2161 |  1552 |  1076 |  1544 ||  6471

Table legend: (Time is in decaauts)
 A = Elapsed time spent in this place.
 B = Non-inter-level travel time spent in this place.
 C = Inter-level travel time spent in this place.
 D = Time resting spent in this place.
 E = Time spent auto-exploring this place.
 F = Levels seen in this place.
 G = Mean time per level.
                   A        B        C        D        E       F      G
               +--------+--------+--------+--------+--------+-----+--------+
         Total |  54004 |  47872 |   6132 |   2306 |  32478 |  50 | 1080.1 |
       Dungeon |  15136 |  13106 |   2030 |    814 |   9636 |  15 | 1009.1 |
        Temple |     37 |      2 |     35 |      0 |      0 |   1 |   37.0 |
          Lair |   6119 |   5158 |    961 |     44 |   4199 |   5 | 1223.8 |
        Shoals |   4770 |   4372 |    398 |    190 |   2777 |   4 | 1192.5 |
   Spider Nest |   5078 |   4730 |    348 |     55 |   3168 |   4 | 1269.5 |
    Slime Pits |    276 |    241 |     35 |    102 |     15 |   4 |   69.0 |
  Orcish Mines |   1494 |   1345 |    149 |    104 |    822 |   2 |  747.0 |
        Vaults |   8156 |   7385 |    771 |     77 |   4948 |   5 | 1631.2 |
        Depths |   7097 |   5980 |   1117 |    581 |   3304 |   4 | 1774.2 |
           Zot |   5779 |   5495 |    284 |    336 |   3581 |   5 | 1155.8 |
        Bazaar |     56 |     56 |      0 |      0 |     26 |   1 |   56.0 |
               +--------+--------+--------+--------+--------+-----+--------+

Top non-repeatable levels by time:
Depths:3: 2576 daAuts
Vaults:1: 2116 daAuts
  Lair:5: 2096 daAuts
Vaults:5: 1991 daAuts
Spider:3: 1712 daAuts
    D:10: 1707 daAuts
Depths:4: 1626 daAuts
    D:15: 1569 daAuts
Depths:2: 1501 daAuts
   Zot:5: 1479 daAuts
    D:11: 1466 daAuts
   Zot:2: 1456 daAuts
Vaults:3: 1443 daAuts
Shoals:3: 1428 daAuts
Depths:1: 1393 daAuts
